Map: Ephemeron LE

Players

printf - Winner!

  • Race: Protoss Protoss
  • League: Grandmaster
  • Spawn Location: 11:00

TurkeyDano

  • Race: Protoss Protoss
  • League: Grandmaster
  • Spawn Location: 5:00

VOD

Have the link to the VOD?

Description

Time

  • Played on: Oct. 20, 2019, 4:35 p.m.
  • Length: 5:32
Show
View Real Time Build Order
Export as new Build Order

printf Protoss - Winner!

Build Orders: Proxy Void Ray 

Get SALT Encoding   

  12  0:00  Probe (Chrono Boost)  
  13  0:10  Probe (Chrono Boost)  
  14  0:18  Pylon  
  14  0:22  Probe  
  15  0:36  Probe  
  15  0:38  Forge  
  16  0:49  Pylon  
  16  0:56  Pylon  
  16  1:15  Gateway  
  16  1:17  Photon Cannon  
  16  1:22  Probe  
  17  1:42  Gateway  
  17  1:43  Assimilator  
  17  1:47  Pylon  
  17  1:49  Probe  
  17  1:55  Assimilator  
  17  2:02  Cybernetics Core  
  17  2:03  Probe  
  17  2:06  Pylon  
  18  2:15  Probe  
  19  2:24  Photon Cannon  
  19  2:30  Photon Cannon  
  19  2:33  Probe  
  20  2:44  Stargate  
  20  2:53  Probe  
  21  3:06  Photon Cannon  
  21  3:19  Pylon  
  21  3:20  Shield Battery  
  21  3:24  Void Ray (Chrono Boost)  
  25  3:39  Shield Battery  
  25  3:40  Probe  
  26  3:57  Void Ray (Chrono Boost)  
  30  4:07  Pylon  
  30  4:09  Probe  
  31  4:26  Void Ray (Chrono Boost)  
  34  4:37  Probe  
  32  4:49  Probe  
  32  4:52  Shield Battery  
  33  4:53  Shield Battery  
Show
View Real Time Build Order
Export as new Build Order

TurkeyDano Protoss 

Build Orders:  

Get SALT Encoding   

  12  0:00  Probe  
  13  0:12  Probe  
  14  0:17  Pylon  
  14  0:25  Probe  
  15  0:35  Gateway  
  15  0:37  Probe  
  16  0:49  Forge  
  16  0:59  Pylon  
  16  1:20  Zealot (Chrono Boost)  
  18  1:28  Photon Cannon  
  18  1:34  Probe  
  20  1:50  Probe  
  19  1:56  Cybernetics Core  
  19  1:58  Assimilator  
  19  2:02  Probe  
  19  2:07  Assimilator  
  20  2:15  Probe  
  21  2:24  Zealot (Chrono Boost)  
  21  2:27  Probe  
  24  2:36  Pylon  
  24  2:39  Probe  
  24  2:42  Stalker (Chrono Boost)  
  27  2:55  Probe, Warp Gate  
  28  3:07  Probe, Gateway  
  29  3:16  Twilight Council  
  29  3:23  Stalker  
  31  3:31  Shield Battery  
  31  3:42  Gateway  
  31  3:57  Stalker  
  35  4:21  Gateway  
  35  4:26  Pylon  
  35  4:36  Pylon  
  35  4:37  Pylon  
  33  4:47  Pylon, Stalker  
  35  4:54  Stalker  
  35  5:11  Stalker  
  33  5:16  Stalker  
  33  5:20  Stalker  
  29  5:30  Shield Battery  
Tags
 
Add a new tag
Caveats
  • Supply blocks, unpowered buildings, or Contaminate may cause inaccurate times.
  • Supply counts are checked every 10 seconds.